 Dungeon Crawl Stone Soup version 0.27-a0-448-gace5c5693b (webtiles) character file.

Game seed: 4610736719528994662

43 rageheart7 the Charlatan (level 3, -7/27 HPs)
             Began as a Human Artificer on Feb 27, 2021.
             Killed by divine providence
             ... invoked by an orc priest
              (9 damage)
             ... on level 4 of the Dungeon.
             The game lasted 00:03:07 (1534 turns).

rageheart7 the Charlatan (Human Artificer)          Turns: 1534, Time: 00:03:08

Health: -7/27      AC:  8    Str: 13    XL:     3   Next: 82%
Magic:  3/3        EV: 10    Int: 11    God:
Gold:   51         SH:  0    Dex: 13    Spells: 2/2 levels left

rFire    . . .     SeeInvis .   i - +0 mace
rCold    . . .     Faith    .   (no shield)
rNeg     . . .     Spirit   .   n - +0 ring mail
rPois    .         Reflect  .   (no helmet)
rElec    .         Harm     .   h - +2 cloak
rCorr    .         Rampage  .   (no gloves)
Will     .....                  (no boots)
Stlth    +.........             (no amulet)
HPRegen  0.09/turn              (no ring)
MPRegen  0.08/turn              (no ring)

@: no status effects
A: no striking features
a: no special abilities


You were on level 4 of the Dungeon.
You visited 1 branch of the dungeon, and saw 3 of its levels.

You collected 51 gold pieces.

Inventory:

Hand Weapons
 a - a +0 club
 i - a +0 mace (weapon)
Armour
 h - a +2 cloak (worn)
 n - a +0 ring mail (worn)
Wands
 c - a wand of flame (14) (quivered)
 d - a wand of charming (15)
 e - a wand of random effects (15)
Scrolls
 b - a scroll of identify
Potions
 f - a potion of berserk rage
 g - a potion of lignification {unknown}
 j - a potion of ambrosia {unknown}
 k - a potion of curing
 m - a potion of brilliance {unknown}


   Skills:
 * Level 2.2 Fighting
 + Level 1.3 Maces & Flails
 - Level 2.0 Armour
 - Level 1.0 Dodging
 - Level 1.0 Stealth
 - Level 3.5 Evocations


You had 2 spell levels left.
You didn't know any spells.
Your spell library was empty.

Dungeon Overview and Level Annotations

Branches:
Dungeon (2/15)

Altars:


Message History

Things that are here:
a +0 club; a hobgoblin corpse You start resting.
A giant cockroach comes into view.
You hit the giant cockroach.
You kill the giant cockroach!
You enter the shallow water.
Moving in this stuff is going to be slow.
Found 20 stones.
You see here a giant cockroach corpse.
You start resting.
HP restored.
Found a stone staircase leading down.
You now have 51 gold pieces (gained 10).
Found a robe.
You fall into a shaft and drop 2 floors!
The shaft crumbles and collapses.
A quokka comes into view.
You closely miss the quokka. The quokka closely misses you.
You closely miss the quokka.
The quokka bites you but does no damage.
The quokka closely misses you.
You hit the quokka.
You kill the quokka!
An orc priest comes into view.
The orc priest shouts!
An orc comes into view. x2
An ogre comes into view. It is wielding a +0 giant club.
An orc priest comes into view. It is wielding a +0 whip.
The orc shouts!
The orc priest shouts!
The orc shouts!
The ogre shouts!
Found 19 arrows.
The orc priest calls down the wrath of Beogh upon you.
Beogh smites you!
Found a stone staircase leading up.
The orc priest mumbles some strange prayers to Beogh against you.
Beogh smites you!
* * * LOW HITPOINT WARNING * * *
The orc priest mumbles some strange prayers to Beogh against you.
Beogh smites you!
You die...

...############
...o.Ooo..@...#
...o..#######.#
..... #.# .(..
#.# ...
.#######.## .<
..........# .
########..#
#..# #..#


You could see an ogre, 2 orc priests and 2 orcs.

Vanquished Creatures
  An adder (D:2)
  An ooze (D:1)
  2 dart slugs (D:1)
  A leopard gecko (D:1)
  2 ball pythons (D:1)
  2 giant cockroaches
  5 hobgoblins
  A quokka (D:4)
  2 bats (D:1)
  3 goblins
  2 kobolds (D:1)
  A rat (D:2)
23 creatures vanquished.

Notes
Turn   | Place    | Note
-------+----------+-------------------------------------------
     0 | D:1      | rageheart7 the Human Artificer began the quest for the Orb.
     0 | D:1      | Reached XP level 1. HP: 15/15 MP: 1/1
   377 | D:1      | Reached XP level 2. HP: 13/21 MP: 2/2
   659 | D:1      | Reached XP level 3. HP: 22/27 MP: 3/3
  1026 | D:2      | Reached skill level 1 in Maces & Flails
  1493 | D:2      | You fall into a shaft and drop 2 floors!
  1529 | D:4      | Noticed an ogre
  1534 | D:4      | Killed from afar by an orc priest

Illustrated notes

Levels and vault maps discovered:
D:1:      dpeg_arrival_windows_large_door, layout_rooms
D:2:      layout_loops_cross, minivault_14
D:4:      layout_loops_ring, minmay_overflow_temple_star_hex, st_stairs_4,
          minmay_misc_feat_alley

Skill      XL: |  1  2  3 |
---------------+----------+-----
Fighting       | 2 |  2.2
Maces & Flails | 1 |  1.3
Armour         | |  2.0
Dodging        | |  1.0
Stealth        | |  1.0
Evocations     | |  3.5

Action                   || total
-------------------------++-------
Melee: Club              ||    27
       Mace              ||    70
Evoke: Wand              ||     1
  Use: Scroll            ||     5
 Stab: Sleeping          ||     1
Armor: Leather armour    ||    25
       Ring mail         ||     5
Dodge: Dodged            ||    57

Table legend: (Time is in decaauts)
 A = Elapsed time spent in this place.
 B = Non-inter-level travel time spent in this place.
 C = Inter-level travel time spent in this place.
 D = Time resting spent in this place.
 E = Time spent auto-exploring this place.
 F = Levels seen in this place.
 G = Mean time per level.
                   A        B        C        D        E       F      G
               +--------+--------+--------+--------+--------+-----+--------+
         Total |   1568 |   1551 |     17 |    752 |    500 |   3 |  522.7 |
       Dungeon |   1568 |   1551 |     17 |    752 |    500 |   3 |  522.7 |
               +--------+--------+--------+--------+--------+-----+--------+

Top non-repeatable levels by time:
     D:1: 1018 daAuts
     D:2: 508 daAuts
     D:4: 41 daAuts
